 Dungeon Crawl Stone Soup version 0.28-a0-1447-ga5a8893891 (webtiles) character file.

Game seed: 17576718739413571679

237286 HallandMoats the Warmonger (level 18, -11/137 HPs)
             Began as a Demonspawn Fighter on Jan 11, 2022.
             Was a High Priest of Okawaru.
             Killed from afar by Roxanne (26 damage)
             ... with a crystal spear
             ... on level 4 of the Spider Nest.
             The game lasted 01:19:37 (36646 turns).

HallandMoats the Warmonger (Demonspawn Fighter)    Turns: 36646, Time: 01:19:37

Health: -11/137    AC: 35    Str: 31    XL:     18   Next: 96%
Magic:  30/30      EV: 11    Int:  9    God:    Okawaru [*****.]
Gold:   1470       SH: 11    Dex: 17    Spells: 17/17 levels left

rFire   + . .      SeeInvis .   a - +2 hand axe (vamp)
rCold   + . .      Faith    .   m - +0 kite shield {reflect}
rNeg    . . .      Spirit   .   N - +9 scales of the Dragon King {rPois rF+ rC+ Will+}
rPois   +          Reflect  +   (helmet restricted)
rElec   .          Harm     .   d - +0 cloak
rCorr   .          Rampage  +   Y - +0 pair of gloves of Gamuk {Dex+2 Slay+4}
Will    ++...                   Q - +1 pair of boots {rampage}
Stlth   ..........              g - amulet of regeneration
HPRegen 1.12/turn               F - +4 ring of slaying
MPRegen 0.22/turn               A - +6 ring of strength

@: mighty
A: antennae 1, thin skeletal structure 1, icemail 2, powered by pain 2,
condensation shield, bedeviling, frail 1
}: 1/15 runes: decaying
a: Renounce Religion, Heroism, Finesse, Duel


You were on level 4 of the Spider Nest.
You worshipped Okawaru.
Okawaru was extremely pleased with you.
You visited 6 branches of the dungeon, and saw 32 of its levels.
You also visited: Gauntlet.

You collected 2538 gold pieces.
You spent 1068 gold pieces at shops.

Inventory:

Hand Weapons
 a - a +2 vampiric hand axe (weapon)
 b - a +3 scimitar of flaming
 k - a +2 vorpal broad axe
 y - the +4 war axe of Kesaet {vorpal, rPois Will+ Dex+2}
   (Okawaru gifted it to you on level 4 of the Swamp)

   It inflicts extra damage upon your enemies.
   Dex:       It affects your dexterity (+2).
   rPois:     It protects you from poison.
   Will:      It increases your willpower.
Missiles
 o - 5 throwing nets (quivered)
Armour
 d - a +0 cloak (worn)
 m - a +0 kite shield of reflection (worn)
 t - the +1 ring mail "Moptihio" {rC++ rN+ rCorr Int-2}
   (You found it on level 3 of the Dungeon)

   Int:       It affects your intelligence (-2).
   rC:        It greatly protects you from cold.
   rN:        It protects you from negative energy.
   rCorr:     It protects you from acid and corrosion.
 N - the +9 scales of the Dragon King (worn) {rPois rF+ rC+ Will+}
   (You found it on level 12 of the Dungeon)

   rF:        It protects you from fire.
   rC:        It protects you from cold.
   rPois:     It protects you from poison.
   Will:      It increases your willpower.
 O - the +0 pair of gloves of Least Resistance {rPois rF- rC+}
   (Okawaru gifted it to you on level 14 of the Dungeon)

   rF:        It makes you vulnerable to fire.
   rC:        It protects you from cold.
   rPois:     It protects you from poison.
 Q - a +1 pair of boots of rampaging (worn)
 V - the +0 pair of gloves of Boredom {Contam rElec rPois rF+++ Str-2}
   (You found it on level 4 of the Spider Nest)

   Str:       It affects your strength (-2).
   rF:        It renders you almost immune to fire.
   rElec:     It insulates you from electricity.
   rPois:     It protects you from poison.
   Contam:    It causes magical contamination when unequipped.
 Y - the +0 pair of gloves of Gamuk (worn) {Dex+2 Slay+4}
   (Okawaru gifted it to you on level 3 of the Spider Nest)

   Dex:       It affects your dexterity (+2).
   Slay:      It affects your accuracy & damage with ranged weapons and melee
   (+4).
Jewellery
 c - a ring of flight
 g - an amulet of regeneration (around neck)
 n - a ring of positive energy
 q - a ring of poison resistance
 z - a ring of resist corrosion
 A - a +6 ring of strength (right hand)
 F - a +4 ring of slaying (left hand)
 H - a ring of wizardry
 J - a ring of wizardry
 M - a ring of protection from cold
 R - a ring of willpower
 T - an amulet of guardian spirit
Wands
 K - a wand of acid (9)
Scrolls
 e - a scroll of brand weapon {unknown}
 f - 6 scrolls of teleportation
 h - 4 scrolls of enchant armour
 i - 2 scrolls of enchant weapon
 p - 8 scrolls of immolation
 s - a scroll of fog
 u - 2 scrolls of silence
 w - 14 scrolls of identify
 B - 5 scrolls of amnesia
 G - 2 scrolls of magic mapping
 Z - a scroll of holy word {unknown}
Potions
 j - 11 potions of mutation
 l - 4 potions of haste
 r - a potion of resistance
 v - 2 potions of flight
 x - 11 potions of curing
 C - 5 potions of cancellation
 E - 5 potions of ambrosia
 I - 6 potions of heal wounds
 L - 2 potions of magic
 P - 3 potions of might
 S - 2 potions of invisibility
 U - 3 potions of brilliance
 W - 2 potions of berserk rage
Miscellaneous
 D - a lightning rod (4/4)


   Skills:
 + Level 16.5 Fighting
 + Level 15.1 Axes
 + Level 15.6 Armour
 + Level 12.5 Dodging
 * Level 6.7 Shields
 + Level 16.6 Invocations


You had 17 spell levels left.
You didn't know any spells.
Your spell library contained the following spells:

 Spells                   Type           Power      Damage    Failure   Level
 Magic Dart               Conj           0%         1d3       100%        1
 Slow                     Hex            0%         N/A       100%        1
 Corpse Rot               Necr/Air       0%         N/A       100%        2
 Ensorcelled Hibernation  Hex/Ice        0%         N/A       100%        2
 Passwall                 Tmut/Erth      0%         N/A       100%        2
 Poisonous Vapours        Pois/Air       0%         N/A       100%        2
 Searing Ray              Conj           0%         2d4       100%        2
 Conjure Flame            Conj/Fire      0%         6-21      100%        3
 Gell's Gravitas          Tloc           0%         N/A       100%        3
 Ignite Poison            Fire/Tmut/Pois 0%         N/A       100%        3
 Inner Flame              Hex/Fire       0%         N/A       100%        3
 Lesser Beckoning         Tloc           0%         N/A       100%        3
 Ozocubu's Armour         Ice            0%         N/A       100%        3
 Swiftness                Air            0%         N/A       100%        3
 Teleport Other           Tloc           0%         N/A       100%        3
 Cause Fear               Hex            0%         N/A       100%        4
 Fulminant Prism          Conj/Hex       0%         3d6       100%        4
 Iskenderun's Mystic Bla  Conj/Tloc      0%         2d3       100%        4
 Sticky Flame             Conj/Fire      0%         2d3       100%        4
 Blade Hands              Tmut           0%         N/A       100%        5
 Fireball                 Conj/Fire      0%         3d3       100%        5
 Lee's Rapid Deconstruct  Erth           0%         3d5*      100%        5
 Metabolic Englaciation   Hex/Ice        0%         N/A       100%        5
 Iron Shot                Conj/Erth      0%         9d1       100%        6
 Discord                  Hex            0%         N/A       100%        8
 Lehudib's Crystal Spear  Conj/Erth      0%         10d2      100%        8
 Polar Vortex             Ice            0%         N/A       100%        9
 Summon Small Mammal      Summ           Unusable   N/A       N/A         1
 Call Canine Familiar     Summ           Unusable   N/A       N/A         3
 Summon Guardian Golem    Hex/Summ       Unusable   N/A       N/A         3
 Animate Armour           Summ/Erth      Unusable   N/A       N/A         4
 Simulacrum               Ice/Necr       Unusable   N/A       N/A         6

Dungeon Overview and Level Annotations

Branches:
Dungeon (15/15)            Temple (1/1) D:7            Lair (6/6) D:8
  Swamp (4/4) Lair:4       Spider (4/4) Lair:2        Slime (0/5) Lair:6
    Orc (2/2) D:11            Elf (0/3) Orc:2        Vaults (0/5) D:14
 Depths (0/4) D:15        Gauntlet (visited)

Altars:
Ashenzari
Cheibriados
Dithmenos
Elyvilon
Fedhas
Gozag
Hepliaklqana
Kikubaaqudgha
Makhleb
Nemelex Xobeh
Okawaru
Qazlal
Ru
Sif Muna
Trog
Uskayaw
Vehumet
Wu Jian
Xom
Yredelemnul
Zin
The Shining One
Beogh

Shops:
D:10 :(   Orc:2 !?(=

Annotations:
D:12 1 runed translucent door, Agauroho's ghost, journeyman GrEE
Spider:4 Roxanne


Innate Abilities, Weirdness & Mutations

You have a pair of small antennae on your head.
You have a somewhat thin skeletal structure. (Dex +2, Stealth+)
A meltable icy envelope protects you from harm. (AC +0)
You sometimes gain power by taking damage.
A meltable shield of frost defends you. (SH +0)
Your hexes are more powerful.
You are frail. (-10% HP)


Message History

Roxanne sighs and says, "It wouldn't be so bad were it not for the bird droppings."
Roxanne casts a spell.
You blink.
Roxanne casts a spell.
Your +0 kite shield of reflection reflects the crystal spear!
The crystal spear hits Roxanne!!!
You hit Roxanne.
Roxanne is severely damaged.
Roxanne says, "Come nearer, honey, I don't have a heart of stone."
You hit Roxanne but do no damage.
Roxanne is severely damaged.
Roxanne casts a spell.
The crystal spear hits you!!!
You slash Roxanne!
Roxanne is severely damaged.
You slash Roxanne!
Roxanne is severely damaged.
Roxanne mumbles some strange words.
The crystal spear hits you!!
You focus on the pain.
You feel very mighty all of a sudden.
You hit Roxanne.
Roxanne is severely damaged.
Roxanne mumbles some strange words.
You blink.
You rampage towards Roxanne!
Roxanne says, "Come nearer, honey, I don't have a heart of stone."
You rampage towards Roxanne!
You slash Roxanne!
Roxanne is almost destroyed.
Roxanne mumbles some strange words.
The crystal spear hits you!!!
* * * LOW HITPOINT WARNING * * *
You completely miss Roxanne.
Roxanne is almost destroyed.
You hit Roxanne.
Roxanne is almost destroyed.
You hit Roxanne.
Roxanne is almost destroyed.
Roxanne mumbles some strange words.
The crystal spear hits you!!
You die...

.≈ .# .# '#### ....####
......†##################
.....^..(...............#
†..^....................#
................@8......#
........................#
........................#
...................^....#
..#.....................#
.....^..................#
.................^......#
...^....................
...#..................


You could see Roxanne.

Vanquished Creatures
  Jorgrun (Spider:2)
  Asterion (Spider:4)
  Mlioglotl (Swamp:4)
  3 thorn hunters
  Donald (Swamp:3)
  A fenstrider witch (Swamp:4)
  3 emperor scorpions
  Louise (Spider:2)
  3 ghost moths
  The ghost of frimble the Peltast, a journeyman DsWr of Cheibriados (Orc:2)
  A broodmother (Spider:3)
  A stone giant (D:15)
  3 dire elephants (Lair:6)
  Nessos (Arena)
  6 eleionomae
  Azrael (Orc:2)
  3 bunyips
  4 entropy weavers
  2 spark wasps (Spider:3)
  A minotaur (Gauntlet)
  Snorg (D:10)
  Josephine (D:10)
  2 shambling mangroves (Swamp:1)
  Fannar (Lair:3)
  Harold (D:10)
  21 hydras
  A vault guard (D:14)
  A spriggan air mage (Swamp:2)
  Erica (Lair:2)
  4 jorogumos
  4 boulder beetles
  2 death knights
  3 centaur warriors (D:14)
  2 radroaches
  5 two-headed ogres
  6 death yaks (Lair:6)
  8 alligators
  5 tengu warriors (D:15)
  5 orc high priests (Orc:2)
  Sonja (D:11)
  12 spriggans
  3 goliath frogs
  2 spectral death yaks (Lair:6)
  A sun moth (Spider:4)
  5 steelbarb worms
  4 pharaoh ants
  15 swamp dragons
  A spectral anaconda (Lair:6)
  4 spriggan druids
  4 lindwurms
  10 orb spiders
  An obsidian statue (Lair:6)
  Pikel (D:6)
  A wizard (D:14)
  2 bog bodies
  6 necromancers
  12 orc knights
  17 wolf spiders
  2 deep elf pyromancers
  3 oklob plants
  5 harpies (D:14)
  10 ugly things
  2 orc sorcerers (Orc:2)
  2 moths of wrath
  4 will-o-the-wisps
  A spectral centaur (D:12)
  2 manticores
  4 cyclopes
  A dire elephant zombie (Lair:6)
  Maurice (Orc:1)
  8 elephants
  5 torpor snails
  3 black mambas
  8 cane toads
  10 demonic crawlers
  An unseen horror (D:12)
  A hellion (Gauntlet)
  Maggie (D:6)
  4 rime drakes
  A kobold demonologist (D:12)
  2 freezing wraiths
  An ice devil (Gauntlet)
  8 komodo dragons
  4 yaktaurs (D:15)
  9 meliai
  6 trolls
  12 hornets
  9 tyrant leeches
  3 polar bears
  13 blink frogs
  11 slime creatures
  2 spectral elephants (Lair:6)
  20 tarantellas
  Prince Ribbit (D:7)
  11 dream sheep (Lair:6)
  33 jumping spiders
  24 culicivoras
  A dire elephant simulacrum (Lair:6)
  8 wraiths
  7 wyverns
  5 water elementals (D:15)
  47 yaks
  Grum (D:10)
  4 fire elementals
  5 basilisks
  A death yak simulacrum (Lair:6)
  2 steam dragons
  21 humans
  58 redbacks
  6 vampire mosquitoes
  Edmund (D:5)
  2 spectral cane toads (Lair:6)
  2 acid dragons (Lair:5)
  15 swamp worms
  3 wargs
  3 hell hounds
  17 water moccasins
  Duvessa (D:6)
  5 swamp drakes
  2 black bears (D:8)
  31 orc warriors
  An elephant zombie (Lair:6)
  15 wolves
  8 centaurs
  11 ogres
  2 elephant skeletons (Lair:6)
  2 phantoms (D:5)
  4 kobold brigands
  8 bullfrogs
  A cane toad simulacrum (Lair:6)
  3 gnoll sergeants (D:11)
  A scorpion (D:6)
  A wyvern skeleton (D:7)
  Dowan (D:6)
  An elephant simulacrum (Lair:6)
  5 killer bees (D:7)
  4 wights (D:8)
  2 jellies
  2 electric eels (D:15)
  5 howler monkeys (D:7)
  A bullfrog zombie (D:6)
  3 centaur zombies
  A bullfrog skeleton (D:7)
  24 orc priests
  Crazy Yiuf (D:2)
  A gnoll shaman (D:9)
  3 hounds
  4 centaur skeletons
  13 orc wizards
  2 iguanas
  2 howler monkey zombies
  20 gnolls
  4 adders
  5 white imps
  2 dart slugs (D:2)
  95 orcs
  2 ball pythons (D:1)
  4 endoplasms
  6 giant cockroaches
  3 goblins
  4 hobgoblins
  27 kobolds
  7 quokkas
  12 bats
  A frilled lizard (D:2)
  6 rats
  A spectral orc (D:10)
1042 creatures vanquished.

Vanquished Creatures (others)
  A cane toad (Lair:6)
  A hornet (Lair:5)
  2 bloated husks
  2 jumping spiders (Spider:1)
  A culicivora (Spider:1)
  2 redbacks (Spider:1)
  A centaur (D:14)
  2 demonic plants (Gauntlet)
  16 foxfires
  35 fungi
  86 plants
  25 withered plants (Lair:6)
174 creatures vanquished.

Grand Total: 1216 creatures vanquished

Notes
Turn   | Place    | Note
-------+----------+-------------------------------------------
     0 | D:1      | HallandMoats the Demonspawn Fighter began the quest for the
                  | Orb.
     0 | D:1      | Reached XP level 1. HP: 18/18 MP: 1/1
   215 | D:1      | Gained mutation: A meltable shield of frost defends you.
                  | (SH +0) [demonic ancestry]
   215 | D:1      | Reached XP level 2. HP: 24/24 MP: 2/2
   254 | D:1      | Found a faded altar of an unknown god.
   899 | D:2      | Reached XP level 3. HP: 29/29 MP: 3/3
  1035 | D:2      | Found a runed translucent door.
  1036 | D:2      | Noticed Crazy Yiuf
  1365 | D:2      | Killed Crazy Yiuf
  1366 | D:2      | Reached skill level 1 in Dodging
  1366 | D:2      | Gained mutation: A meltable icy envelope protects you from
                  | harm. (AC +0) [demonic ancestry]
  1366 | D:2      | Reached XP level 4. HP: 16/37 MP: 4/4
  2315 | D:3      | Reached XP level 5. HP: 31/34 MP: 5/5
  2626 | D:3      | Identified the +1 ring mail "Moptihio" {rC++ rN+ rCorr
                  | Int-2}
  3020 | D:4      | Gained mutation: You sometimes gain a little power by
                  | taking damage. [demonic ancestry]
  3020 | D:4      | Reached XP level 6. HP: 49/49 MP: 6/6
  3598 | D:5      | Entered Level 5 of the Dungeon
  3638 | D:5      | Noticed Edmund
  3660 | D:5      | Killed Edmund
  3758 | D:5      | Reached skill level 5 in Fighting
  3758 | D:5      | Reached XP level 7. HP: 56/56 MP: 7/7
  4658 | D:5      | Found a hide-covered altar of Uskayaw.
  4906 | D:5      | Noticed a wyvern
  4924 | D:5      | Killed a wyvern
  4925 | D:5      | Reached skill level 5 in Axes
  4925 | D:5      | Gained mutation: A meltable icy envelope protects you from
                  | harm. (AC +0) [demonic ancestry]
  4925 | D:5      | Reached XP level 8. HP: 53/64 MP: 8/8
  5134 | D:6      | Reached skill level 1 in Invocations
  5204 | D:6      | Noticed Pikel
  5244 | D:6      | Killed Pikel
  5293 | D:6      | Reached XP level 9. HP: 64/71 MP: 11/11
  5445 | D:6      | Noticed Maggie
  5449 | D:6      | Noticed Duvessa
  5449 | D:6      | Noticed Dowan
  5505 | D:6      | Killed Maggie
  5731 | D:6      | Found a sparkling altar of Nemelex Xobeh.
  5731 | D:6      | Found a snail-covered altar of Cheibriados.
  5772 | D:6      | Reached skill level 5 in Armour
  5918 | D:6      | Killed Duvessa
  5922 | D:6      | Killed Dowan
  6286 | D:7      | Found a staircase to the Ecumenical Temple.
  6295 | Temple   | Entered the Ecumenical Temple
  6567 | Temple   | Became a worshipper of Warmaster Okawaru
  6618 | D:7      | Noticed Prince Ribbit
  6692 | D:7      | Killed Prince Ribbit
  6693 | D:7      | Reached * piety under Okawaru
  6748 | D:7      | Found a basalt altar of Yredelemnul.
  6849 | D:7      | Noticed a two-headed ogre
  6860 | D:7      | Killed a two-headed ogre
  6861 | D:7      | Reached skill level 5 in Invocations
  6861 | D:7      | Reached XP level 10. HP: 73/82 MP: 13/13
  6903 | D:7      | Got Tiestikk's Compendium of Fetching Fire
  7119 | D:8      | Reached skill level 5 in Dodging
  7135 | D:8      | Reached ** piety under Okawaru
  7607 | D:8      | Found a staircase to the Lair.
  7928 | D:8      | Reached *** piety under Okawaru
  8508 | D:6      | Identified the +2 robe of the Game Afoot {Drain +Blink
                  | Regen+}
  9388 | D:9      | Found a sacrificial altar of Ru.
  9747 | D:10     | Entered Level 10 of the Dungeon
  9747 | D:10     | Found Akluy's Book Shoppe.
  9814 | D:10     | Noticed Harold
  9814 | D:10     | Noticed Snorg
  9824 | D:10     | Found Loocryi's Antique Weapon Shop.
  9830 | D:10     | Killed Harold
  9836 | D:10     | Killed Snorg
  9837 | D:10     | Reached XP level 11. HP: 62/90 MP: 14/16
  9866 | D:10     | Noticed a two-headed ogre
  9877 | D:10     | Killed a two-headed ogre
  9877 | D:10     | Reached **** piety under Okawaru
 10112 | D:10     | Noticed a four-headed hydra
 10134 | D:10     | Killed a five-headed hydra
 10135 | D:10     | Reached skill level 10 in Fighting
 10345 | D:10     | Noticed Josephine
 10349 | D:10     | Noticed a two-headed ogre
 10373 | D:10     | Killed Josephine
 10373 | D:10     | Reached ***** piety under Okawaru
 10416 | D:10     | Killed a two-headed ogre
 10416 | D:10     | Received a gift from Okawaru
 10680 | D:10     | Noticed Grum
 10693 | D:10     | Killed Grum
 10812 | D:10     | Found a hazy altar of Hepliaklqana.
 11174 | D:11     | Noticed Sonja
 11199 | D:11     | Killed Sonja
 11238 | D:11     | Noticed a five-headed hydra
 11249 | D:11     | Killed a five-headed hydra
 11330 | D:11     | Noticed a boulder beetle
 11434 | D:11     | Killed a boulder beetle
 11435 | D:11     | Reached skill level 10 in Axes
 11435 | D:11     | Reached XP level 12. HP: 100/100 MP: 12/18
 11489 | D:11     | Found a staircase to the Orcish Mines.
 12045 | D:11     | Received a gift from Okawaru
 12109 | D:12     | Noticed a boulder beetle
 12190 | D:12     | Killed a boulder beetle
 12481 | D:12     | Found a runed translucent door.
 12482 | D:12     | Noticed Agauroho's ghost (journeyman GrEE)
 12549 | D:12     | Found the +9 scales of the Dragon King {rPois rF+ rC+
                  | Will+}
 12787 | D:13     | Noticed a two-headed ogre
 12799 | D:13     | Killed a two-headed ogre
 12942 | D:13     | Noticed a two-headed ogre
 12952 | D:13     | Killed a two-headed ogre
 12989 | D:13     | Received a gift from Okawaru
 13643 | D:14     | Noticed a centaur warrior
 13644 | D:14     | Noticed a boulder beetle
 13696 | D:14     | Noticed a centaur warrior
 13707 | D:14     | Killed a centaur warrior
 13707 | D:14     | Reached ****** piety under Okawaru
 13708 | D:14     | Reached XP level 13. HP: 82/109 MP: 20/20
 13714 | D:14     | Reached skill level 10 in Invocations
 13750 | D:14     | Identified the +0 pair of gloves of Least Resistance {rPois
                  | rF- rC+} (Okawaru gifted it to you on level 14 of the
                  | Dungeon)
 13750 | D:14     | Received a gift from Okawaru
 14033 | D:14     | Found a gate to the Vaults.
 14581 | D:15     | Entered Level 15 of the Dungeon
 14854 | D:15     | Received a gift from Okawaru
 15528 | D:15     | Found a staircase to the Depths.
 15528 | D:15     | Noticed a stone giant
 15538 | D:15     | Killed a stone giant
 15539 | D:15     | Gained mutation: You have a somewhat thin skeletal
                  | structure. (Dex +2, Stealth+) [demonic ancestry]
 15539 | D:15     | Reached XP level 14. HP: 118/118 MP: 20/22
 15906 | Lair:1   | Entered Level 1 of the Lair of Beasts
 15984 | Lair:1   | Found a gate leading to a gauntlet.
 15993 | Gauntlet | Entered a Gauntlet
 15993 | Gauntlet | Found a transporter.
 15993 | Gauntlet | Found a transporter.
 15994 | Gauntlet | Found a transporter.
 15997 | Gauntlet | Found a transporter.
 15997 | Gauntlet | Found a transporter.
 15997 | Gauntlet | Found a transporter.
 16009 | Gauntlet | Found a transporter.
 16011 | Gauntlet | Found a transporter.
 16021 | Gauntlet | Found a transporter.
 16122 | Gauntlet | Found a transporter.
 16126 | Gauntlet | Found a transporter.
 16136 | Gauntlet | Found a transporter.
 16354 | Gauntlet | Got the Catalogue of the Snowflakes and Stones
 17487 | Lair:2   | Found a hole to the Spider Nest.
 17733 | Lair:2   | Noticed Erica
 17748 | Lair:2   | Killed Erica
 17817 | Lair:2   | Received a gift from Okawaru
 18074 | Lair:2   | Found a blossoming altar of Fedhas.
 18110 | Lair:2   | Reached skill level 10 in Armour
 18713 | Lair:3   | Noticed Fannar
 18742 | Lair:3   | Killed Fannar
 19684 | Lair:3   | Identified the +1 robe "Ferymiol" {rElec Str+3}
 20029 | Lair:4   | Identified the +0 scale mail of Lypoiffi {Rampage rC- Will+
                  | Str+4}
 20978 | Lair:4   | Found a staircase to the Swamp.
 20991 | Lair:4   | Received a gift from Okawaru
 21676 | Lair:5   | Paralysed by a hornet for 2 turns
 22779 | Lair:6   | Entered Level 6 of the Lair of Beasts
 23094 | Lair:6   | Received a gift from Okawaru
 23209 | Lair:6   | Gained mutation: You have a pair of small antennae on your
                  | head. [demonic ancestry]
 23209 | Lair:6   | Reached XP level 15. HP: 127/127 MP: 13/24
 23660 | Lair:6   | Found a staircase to the Slime Pits.
 24071 | Lair:6   | Reached skill level 10 in Dodging
 24449 | Lair:6   | Received a gift from Okawaru
 26435 | Orc:1    | Entered Level 1 of the Orcish Mines
 26482 | Orc:1    | Found a radiant altar of Vehumet.
 26611 | Orc:1    | Noticed Maurice
 26622 | Orc:1    | Killed Maurice
 26774 | Orc:2    | Entered Level 2 of the Orcish Mines
 27141 | Orc:2    | Found a runed translucent door.
 27141 | Orc:2    | Found a staircase to the Elven Halls.
 27669 | Orc:2    | Received a gift from Okawaru
 27777 | Orc:2    | Noticed Azrael
 27782 | Orc:2    | Noticed Nessos
 27989 | Orc:2    | Noticed frimble's ghost (journeyman DsWr)
 28400 | Orc:2    | Killed Azrael
 28420 | Arena    | Entered the Arena
 28437 | Arena    | Killed Nessos
 28438 | Arena    | Reached skill level 15 in Fighting
 28558 | Orc:2    | Found Tureer's Jewellery Boutique.
 28561 | Orc:2    | Found Nioc's Distillery.
 28562 | Orc:2    | Found Docan's Weapon Boutique.
 28563 | Orc:2    | Found Gontecec's Magic Scroll Shop.
 28758 | Orc:2    | Killed frimble's ghost
 28849 | Orc:2    | Bought a potion of experience for 600 gold pieces
 28850 | Orc:2    | Reached skill level 5 in Shields
 28850 | Orc:2    | Reached XP level 16. HP: 136/136 MP: 26/26
 28852 | Orc:2    | Bought a potion of heal wounds for 60 gold pieces
 28852 | Orc:2    | Bought a potion of mutation for 96 gold pieces
 28852 | Orc:2    | Bought a potion of curing for 36 gold pieces
 28852 | Orc:2    | Bought a potion of brilliance for 48 gold pieces
 28852 | Orc:2    | Bought a potion of berserk rage for 60 gold pieces
 28852 | Orc:2    | Bought a potion of might for 48 gold pieces
 28852 | Orc:2    | Bought 2 potions of heal wounds for 120 gold pieces
 29281 | Swamp:1  | Entered Level 1 of the Swamp
 29310 | Swamp:1  | Gained mutation: You sometimes gain power by taking damage.
                  | [demonic ancestry]
 29310 | Swamp:1  | Reached XP level 17. HP: 142/142 MP: 27/27
 29517 | Swamp:1  | Identified the +1 robe of the Lute {rF++ rC- Dex+5}
                  | (Okawaru gifted it to you on level 1 of the Swamp)
 29517 | Swamp:1  | Received a gift from Okawaru
 30588 | Swamp:2  | Found a blossoming altar of Fedhas.
 30830 | Swamp:3  | Noticed Donald
 30842 | Swamp:3  | Killed Donald
 31353 | Swamp:4  | Entered Level 4 of the Swamp
 31707 | Swamp:4  | Noticed Mlioglotl
 31750 | Swamp:4  | Gained mutation: You are frail. (-10% HP) [a neqoxec]
 31765 | Swamp:4  | Killed Mlioglotl
 31771 | Swamp:4  | Reached skill level 15 in Invocations
 31789 | Swamp:4  | Received a gift from Okawaru
 31789 | Swamp:4  | Found the +7 pair of quick blades "Gyre" and "Gimble"
                  | {protect}
 32029 | Swamp:4  | Got a decaying rune of Zot
 32143 | Swamp:4  | Identified the +4 war axe of Kesaet {vorpal, rPois Will+
                  | Dex+2} (Okawaru gifted it to you on level 4 of the Swamp)
 32143 | Swamp:4  | Received a gift from Okawaru
 32728 | Spider:1 | Entered Level 1 of the Spider Nest
 32746 | Spider:1 | Gained mutation: Your hexes are more powerful. [demonic
                  | ancestry]
 32746 | Spider:1 | Reached XP level 18. HP: 132/135 MP: 22/29
 32815 | Spider:1 | Received a gift from Okawaru
 32880 | Spider:1 | Reached skill level 15 in Armour
 33366 | Spider:2 | Noticed Jorgrun
 33402 | Spider:2 | Killed Jorgrun
 33588 | Spider:2 | HP: 6/135 [meliai/divine providence (11)]
 34002 | Spider:2 | Noticed Louise
 34048 | Spider:2 | Killed Louise
 35749 | Spider:3 | Identified the +0 pair of gloves of Gamuk {Dex+2 Slay+4}
                  | (Okawaru gifted it to you on level 3 of the Spider Nest)
 35749 | Spider:3 | Received a gift from Okawaru
 35826 | Spider:3 | Reached skill level 15 in Axes
 36032 | Spider:4 | Entered Level 4 of the Spider Nest
 36066 | Spider:4 | Noticed Asterion
 36118 | Spider:4 | Killed Asterion
 36248 | Spider:4 | Paralysed by a jorogumo for 2 turns
 36436 | Spider:4 | Identified the +0 pair of gloves of Boredom {Contam rElec
                  | rPois rF+++ Str-2}
 36615 | Spider:4 | Noticed Roxanne
 36646 | Spider:4 | Killed from afar by Roxanne

Illustrated notes

Levels and vault maps discovered:
D:1:      erik_arrival_orb_chamber, layout_rooms,
          shapermc_ecumenical_altar_petra
D:2:      layout_rooms, uniq_crazy_yiuf_cottage
D:3:      layout_basic
D:4:      layout_loops_cross
D:5:      layout_loops_corners, marbit_many_paths, minmay_misc_feat_encased,
          uniq_edmund
D:6:      layout_basic, nicolae_overflow_hidden_temple, gup_sewer_entry_pipe,
          uniq_pikel, uniq_duvessa, uniq_maggie
D:7:      lemuel_ice_spiral_2, layout_rooms, old_standard_altar,
          minmay_temple_entry_arrows, uniq_prince_ribbit1
D:8:      layout_loops_cross, david_lair_generic, special_room
          [special_room_orc], minmay_tree_intersection
D:9:      layout_basic, mainiacjoe_overflow_alcove_1
D:10:     layout_rooms, mainiacjoe_overflow_24_doors,
          nicolae_hepliaklqana_monster_ancestors, serial_shops, shop, shop,
          uniq_grum, uniq_josephine, uniq_harold, uniq_snorg
D:11:     layout_irregular_city, kennysheep_orc_monster_closet_entryway,
          uniq_sonja
D:12:     layout_rooms, ebering_ghost_reflecting_pool, hangedman_weighted_door
D:13:     layout_irregular_city
D:14:     layout_rooms, grunt_vaults_entry_tiered, nicolae_figureground_sparkle,
          minmay_misc_feat_rows, nicolae_elevator_lobby_plus
D:15:     grunt_enter_depths_snipers, layout_stronghold, serial_bayou,
          serial_bayou_lake_a, serial_bayou_pond_e, serial_bayou_pond_a,
          serial_bayou_shore_a, serial_bayou_ford_a, serial_bayou_lagoon_a
Temple:   minmay_temple_curvy_branch
Lair:1:   layout_concentric_octagons, gauntlet_entry_generic
Lair:2:   layout_misc_corridors, dummy_spider_entry, columned_hall_lemuel,
          nicolae_quartered_pool_little, hangedman_tree_tricks, uniq_erica
Lair:3:   layout_cave_pods, uniq_fannar
Lair:4:   layout_layer_cave, palyth_hydra_swamp_entry
Lair:5:   layout_gridlike, roderic_batcave, guppyfry_lair_drakes
Lair:6:   due_jungle_book, layout_regular_city, slime_dummy,
          amcnicky_mini_pool_medium, grunt_megastairs_1, serial_bayou_shore_b
Swamp:1:  layout_falls_marsh, nicolae_swamp_fairy_circle, swamp_pool2
Swamp:2:  layout_basic_swamp, basic_altar, swamp_pool2
Swamp:3:  layout_falls_marsh, infiniplex_staircase_pool, uniq_donald
Swamp:4:  swamp_alternative, layout_basic_swamp, swamp_pool4,
          nicolae_swamp_oxbows, uniq_mlioglotl
Spider:1: layout_spider_delve
Spider:2: layout_chambers, uniq_jorgrun, uniq_louise
Spider:3: layout_spider_delve
Spider:4: spider_rune_water, uniq_asterion, uniq_roxanne
Orc:1:    layout_caves, basic_altar, serial_shops, nicolae_shop_crystal,
          uniq_nergalle, uniq_maurice
Orc:2:    st_orc_pillars, layout_caves, hellmonk_ghost_happy_afterlife,
          uniq_nessos, uniq_azrael

Skill      XL: |  1  2  3  4  5  6  7  8  9 10 11 12 13 14 15 16 17 18 |
---------------+-------------------------------------------------------+-----
Axes           | 2 3 4 5 6 7 8 10 11 12 13 14 15 | 15.1
Armour         | 3 4 5 6 7 8 9 10 13 14 15 | 15.6
Dodging        | 1 2 3 4 5 6 7 8 9 10 11 12 | 12.5
Shields        | 3 4 5 6 |  6.7
Fighting       | 4 5 6 8 9 11 12 13 14 15 16 | 16.5
Invocations    | 2 5 6 8 9 11 12 14 15 16 | 16.6

Action                   |  1- 3 |  4- 6 |  7- 9 | 10-12 | 13-15 | 16-18 || total
-------------------------+-------+-------+-------+-------+-------+-------++-------
Melee: War axe           |    64 |    33 |       |       |       |       ||    97
       Whip              |       |   147 |   238 |    20 |    10 |       ||   415
       Hand axe          |       |       |    87 |   856 |  1977 |  2310 ||  5230
       Broad axe         |       |       |    57 |       |    27 |       ||    84
       Scimitar          |       |       |       |       |    23 |   108 ||   131
Invok: Heroism           |       |       |       |     9 |    10 |    17 ||    36
       Finesse           |       |       |       |     1 |     3 |     7 ||    11
       Duel              |       |       |       |       |     1 |       ||     1
Evoke: Wand              |       |       |       |     1 |     2 |       ||     3
  Use: Potion            |     1 |       |     3 |     2 |     8 |     5 ||    19
       Scroll            |       |       |     1 |    10 |    16 |     4 ||    31
 Stab: Invisible         |       |       |       |     3 |    10 |    31 ||    44
       Confused          |       |       |       |       |     2 |     3 ||     5
Armor: Scale mail        |     6 |       |       |       |       |       ||     6
       Ring mail         |    11 |    59 |   191 |   302 |       |       ||   563
       Gold dragon scale |       |       |       |    67 |  1201 |  1797 ||  3065
Dodge: Dodged            |    27 |    72 |   202 |   441 |   642 |  1147 ||  2531
Block: Buckler           |    22 |    81 |   188 |   403 |   826 |   273 ||  1793
       Kite shield       |       |       |       |       |       |  1408 ||  1408
       Reflection        |       |       |       |       |       |     6 ||     6

Table legend: (Time is in decaauts)
 A = Elapsed time spent in this place.
 B = Non-inter-level travel time spent in this place.
 C = Inter-level travel time spent in this place.
 D = Time resting spent in this place.
 E = Time spent auto-exploring this place.
 F = Levels seen in this place.
 G = Mean time per level.
                   A        B        C        D        E       F      G
               +--------+--------+--------+--------+--------+-----+--------+
         Total |  35400 |  33308 |   2092 |   1650 |  23880 |  34 | 1041.2 |
       Dungeon |  15630 |  14413 |   1217 |    713 |  10517 |  15 | 1042.0 |
        Temple |    297 |    248 |     49 |      0 |    247 |   1 |  297.0 |
          Lair |   9824 |   9354 |    470 |     57 |   8031 |   6 | 1637.3 |
         Swamp |   3135 |   2974 |    161 |    101 |   1584 |   4 |  783.8 |
   Spider Nest |   3558 |   3525 |     33 |    414 |   1887 |   4 |  889.5 |
  Orcish Mines |   2451 |   2291 |    160 |    352 |   1365 |   2 | 1225.5 |
      Gauntlet |    471 |    471 |      0 |      0 |    249 |   1 |  471.0 |
         Arena |     30 |     30 |      0 |     12 |      0 |   1 |   30.0 |
               +--------+--------+--------+--------+--------+-----+--------+

Top non-repeatable levels by time:
  Lair:6: 3302 daAuts
   Orc:2: 2118 daAuts
Spider:2: 1928 daAuts
  Lair:4: 1680 daAuts
     D:5: 1554 daAuts
  Lair:5: 1511 daAuts
     D:8: 1506 daAuts
  Lair:3: 1347 daAuts
     D:6: 1245 daAuts
    D:10: 1209 daAuts
    D:15: 1197 daAuts
 Swamp:4: 1157 daAuts
    D:11: 1133 daAuts
     D:2: 1120 daAuts
  Lair:2: 1064 daAuts
